 Dungeon Crawl Stone Soup version 0.29.0-7-g18a832c13a (webtiles) character file.

Game seed: 12124682344663508507

117578 Lochraine the Severer (level 16, -2/136 HPs)
             Began as a Minotaur Fighter on Aug 30, 2022.
             Was the Champion of Makhleb.
             Killed from afar by an eleionoma (27 damage)
             ... with a spray of wooden splinters
             ... on level 3 of the Swamp.
             The game lasted 01:21:14 (23094 turns).

Lochraine the Severer (Minotaur Fighter)           Turns: 23094, Time: 01:21:15

Health: -2/136     AC: 17    Str: 27      XL:     16   Next: 23%
Magic:  13/13      EV:  7    Int:  7 (9)  God:    Makhleb [******]
Gold:   3203       SH: 13    Dex: 25      Spells: 15/15 levels left

rFire   + + .      SeeInvis .   H - +7 war axe (flame)
rCold   + + .      Faith    +   K - +0 kite shield
rNeg    + . .      Spirit   .   D - +1 plate armour of Deiny {rElec rC+ Dex+4}
rPois   +          Reflect  .   (helmet restricted)
rElec   +          Harm     .   a - +2 cloak {rPois}
rCorr   .          Rampage  .   F - +0 pair of gloves of Proximity {rF+ MP-9 Int+4 Dex+9}
Will    ++...                   R - +0 pair of boots of the Pits of Slime {rC+ rN+}
Stlth   ..........              n - amulet of Wetib {Faith rF+}
HPRegen 0.32/turn               O - ring of willpower
MPRegen 0.13/turn               m - ring of flight

@: corroded, flying, unable to read, unable to drink
A: horns 2, retaliatory headbutt, deterioration 2, frail 1, low MP 1, inability
to drink after injury 1, inability to read after injury 1
a: Renounce Religion, Minor Destruction, Lesser Servant of Makhleb, Major
Destruction, Greater Servant of Makhleb


You were on level 3 of the Swamp.
You worshipped Makhleb.
Makhleb was exalted by your worship.
You visited 4 branches of the dungeon, and saw 25 of its levels.
You also visited: Gauntlet and Volcano.

You collected 3618 gold pieces.
You spent 415 gold pieces at shops.

Inventory:

Hand Weapons
 B - a +4 sling
   (You found it on level 4 of the Lair of Beasts)
 H - a +7 war axe of flaming (weapon)
   (You took it off a wight on level 6 of the Dungeon)
Missiles
 x - a throwing net {!f}
Armour
 a - a +2 cloak of poison resistance (worn)
   (You found it on level 1 of the Lair of Beasts)
 D - the +1 plate armour of Deiny (worn) {rElec rC+ Dex+4}
   (You found it on level 3 of the Dungeon)

   Dex:       It affects your dexterity (+4).
   rC:        It protects you from cold.
   rElec:     It insulates you from electricity.
 F - the +0 pair of gloves of Proximity (worn) {rF+ MP-9 Int+4 Dex+9}
   (You found it on level 1 of the Swamp)

   Int:       It affects your intelligence (+4).
   Dex:       It affects your dexterity (+9).
   rF:        It protects you from fire.
   MP:        It affects your magic capacity (-9).
 I - a scarf of repulsion
   (You found it on level 7 of the Dungeon)
 K - a +0 kite shield (worn)
   (You found it on level 5 of the Lair of Beasts)
 M - +0 swamp dragon scales
   (You found it on level 2 of the Swamp)
 R - the +0 pair of boots of the Pits of Slime (worn) {rC+ rN+}
   (You found it in a Gauntlet)

   rC:        It protects you from cold.
   rN:        It protects you from negative energy.
 S - a +0 plate armour
   (You found it on level 2 of the Swamp)
Jewellery
 i - a ring of protection from fire
   (You found it on level 2 of the Swamp)
 k - a ring of resist corrosion
   (You found it on level 11 of the Dungeon)
 m - a ring of flight (right hand)
   (You found it on level 2 of the Dungeon)
 n - the amulet of Wetib (around neck) {Faith rF+}
   (You found it on level 1 of the Swamp)

   [amulet of faith]

   It allows you to gain divine favour quickly.
   rF:        It protects you from fire.
 o - a ring of protection from cold
   (You found it on level 1 of the Swamp)
 y - a ring of positive energy
   (You found it on level 1 of the Dungeon)
 J - a +4 ring of protection
   (You found it on level 2 of the Swamp)
 O - a ring of willpower (left hand)
   (You found it on level 5 of the Lair of Beasts)
 Q - a ring of willpower
   (You found it on level 13 of the Dungeon)
Wands
 t - a wand of flame (27)
   (You found it on level 7 of the Dungeon)
 u - a wand of paralysis (13)
   (You took it off Ijyb on level 5 of the Dungeon)
 v - a wand of digging (8)
   (You found it on level 8 of the Dungeon)
 A - a wand of mindburst (8)
   (You found it on level 5 of the Lair of Beasts)
 T - a wand of quicksilver (13)
   (You found it on level 1 of the Lair of Beasts)
 U - a wand of roots (7)
   (You took it off a yaktaur on level 10 of the Dungeon)
 Y - a wand of polymorph (7)
   (You found it in a Gauntlet)
Scrolls
 b - a scroll of fear
 g - 6 scrolls of amnesia
 h - 3 scrolls of enchant armour
 j - 3 scrolls of magic mapping
 l - 3 scrolls of butterflies
 p - 9 scrolls of enchant weapon
 w - 14 scrolls of teleportation {@r4}
 z - 4 scrolls of immolation {!r}
 C - 7 scrolls of poison {!r}
 E - 3 scrolls of brand weapon
 L - a scroll of silence
 Z - 21 scrolls of identify {@r1}
Potions
 c - a potion of magic
 d - 3 potions of mutation {!q}
 e - 17 potions of degeneration {!q}
 f - 6 potions of flight
 q - 16 potions of curing {@q1}
 r - 5 potions of ambrosia
 s - 5 potions of cancellation
 G - 4 potions of might
 N - 3 potions of brilliance
 P - 2 potions of haste {@q3}
 W - 5 potions of heal wounds {@q2}
 X - 4 potions of attraction {!q}


   Skills:
 + Level 16.5 Fighting
 + Level 16.8 Axes
 - Level 15.6 Ranged Weapons
 + Level 16.6 Armour
 + Level 9.1 Shields
 + Level 12.9 Invocations
 + Level 0.5 Evocations


You had 15 spell levels left.
You didn't know any spells.
Your spell library contained the following spells:

 Spells                   Type           Power      Damage    Failure   Level
 Apportation              Tloc           0%         N/A       99%         1
 Beastly Appendage        Tmut           0%         N/A       99%         1
 Freeze                   Ice            0%         1d3       99%         1
 Necrotise                Necr           0%         1d4       99%         1
 Shock                    Conj/Air       0%         1d3       99%         1
 Summon Small Mammal      Summ           0%         N/A       99%         1
 Scorch                   Fire           0%         2d5       100%        2
 Wereblood                Tmut           0%         N/A       100%        2
 Frozen Ramparts          Ice            0%         1d1       100%        3
 Spider Form              Tmut/Pois      0%         N/A       100%        3
 Swiftness                Air            0%         N/A       100%        3
 Vampiric Draining        Necr           0%         2d6       100%        3
 Airstrike                Air            0%         2d(0-16)  100%        4
 Cause Fear               Hex            0%         N/A       100%        4
 Flame Wave               Conj/Fire      0%         2d4       100%        4
 Hailstorm                Conj/Ice       0%         3d3       100%        4
 Agony                    Necr           0%         N/A       100%        5
 Summon Forest            Summ/Tloc      0%         N/A       100%        5
 Summon Mana Viper        Hex/Summ       0%         N/A       100%        5
 Summon Cactus Giant      Summ           0%         N/A       100%        6
 Dragon Form              Tmut           0%         N/A       100%        7
 Dragon's Call            Summ           0%         N/A       100%        9


Dungeon Overview and Level Annotations

Branches:
Dungeon (15/15) Zot: 26358  Temple (0/1) D:6            Lair (5/5) D:11 Zot: 24962
  Swamp (3/4) Lair:3 Zot: 15876  Spider (0/4) Lair:3        Slime (0/5) Lair:5
    Orc (2/2) D:9 Zot: 10299     Elf (0/3) Orc:2        Vaults (0/5) D:14
 Depths (0/4) D:15        Volcano (visited)         Gauntlet (visited)

Altars:
Ashenzari
Elyvilon
Fedhas
Gozag
Makhleb
Ru
Sif Muna
Uskayaw
Vehumet
Wu Jian
Yredelemnul
Zin
Jiyva

Shops:
D:12 *   D:14 (   Orc:1 [   Orc:2 [[?[?

Annotations:
D:6 2 transporters
D:9 1 runed translucent door, ILmort's ghost, novice MiBe
Lair:2 exclusion: oklob plant


Innate Abilities, Weirdness & Mutations

You have a pair of horns on your head.
You reflexively headbutt those who attack you in melee.
Your body often deteriorates upon taking damage.
You are frail. (-10% HP)
Your magical capacity is low. (-10% MP)
You occasionally lose the ability to drink potions when taking damage.
You occasionally lose the ability to read scrolls when taking damage.


Message History

The floor, spattered with blood.
Unknown command.
Unknown command.
Okay, then.
Unknown command.
Here: an eleionoma Some shallow water.
Unknown command.
Okay, then.
Unknown command.
As you read the scroll of fear, it crumbles to dust.
You assume a fearsome visage.
The goliath frog looks frightened!
The eleionoma looks frightened!
The bunyip looks frightened!
Your hellwing completely misses the bunyip.
Your hellwing hits the bunyip.
Your hellwing's attack snaps the bunyip out of its fear.
You hit the bunyip but do no damage. Your headbutt misses the bunyip.
You hit the bunyip. You burn the bunyip. Your hellwing hits the bunyip!
Your hellwing hits the bunyip but does no damage.
You slice the bunyip!! You burn the bunyip!
You kill the bunyip!
Makhleb accepts your kill.
You feel better.
You feel your dexterity returning.
The eleionoma blubbers, "Oh nooooooo!"
The eleionoma seems to regain its courage.
Aim: an eleionoma (ally target)
The glob of acid hits the eleionoma!
The acid corrodes the eleionoma!
The eleionoma hurls a spray of splinters at you.
The spray of wooden splinters hits you!!
You feel threatened and lose the ability to read scrolls!
* * * LOW HITPOINT WARNING * * *
The eleionoma hurls a spray of splinters at you.
The spray of wooden splinters hits you.
* * * LOW HITPOINT WARNING * * *
The spray of wooden splinters hits your hellwing!!
The eleionoma hits you!
* * * LOW HITPOINT WARNING * * *
You closely miss the eleionoma. You slice the eleionoma!!
You burn the eleionoma! The eleionoma hits you.
* * * LOW HITPOINT WARNING * * *
You slice the eleionoma!! You burn the eleionoma!
The eleionoma touches a tree and draws upon its vitality.
The eleionoma is healed.
You slash the eleionoma! You burn the eleionoma. You headbutt the eleionoma.
Your hellwing hits the eleionoma. Your hellwing hits the eleionoma!
The eleionoma hurls a spray of splinters at you.
The spray of wooden splinters hits you!!
You feel threatened and lose the ability to drink potions!
You die...

~.....~<...♣♣
~.~...~~~~~.♣♣
~~~~~.~~~~~~~♣
~§....~~~~..♣
~..♣♣.~~~~.♣♣
F~...♣.~~§~.♣♣♣
~...~.~~~.....♣
......~~~~~.4R♣
~.~~~..~.~~~@~♣
>§~~.~♣~~♣~.♣♣♣
♣~~..~♣♣~....♣
♣♣♣~~~.~♣...~~♣
<~~~~~†F~♣♣♣♣♣♣
.~~~~..♣♣♣
~~~~.~♣ ~....♣
~~.~♣


You could see an eleionoma (corroded, ally target), a goliath frog and a
friendly hellwing (summoned).

Vanquished Creatures
  A thorn hunter (Swamp:3)
  Kirke (D:12)
  An eleionoma (Swamp:1)
  3 bunyips
  A minotaur (Gauntlet)
  Nessos (D:13)
  Snorg (D:12)
  An ettin (Orc:2)
  A fire dragon (D:15)
  A ghost crab (Swamp:1)
  11 hydras
  2 ice dragons
  Fannar (Lair:2)
  2 boulder beetles
  Erica (D:11)
  6 two-headed ogres
  5 centaur warriors
  A catoblepas (D:14)
  2 alligators (Swamp:2)
  5 orc high priests (Orc:2)
  2 tengu warriors
  A hell knight (Volcano)
  A goliath frog (Swamp:3)
  3 sixfirhies (Gauntlet)
  3 skeletal warriors (D:15)
  A bog body (Swamp:1)
  2 swamp dragons (Swamp:2)
  4 deep elf pyromancers
  2 oklob plants
  7 orc knights
  A moth of wrath (Gauntlet)
  20 ugly things
  3 cyclopes
  A will-o-the-wisp (Swamp:2)
  3 orc sorcerers
  2 manticores (D:10)
  19 elephants
  6 black mambas
  A torpor snail (Lair:1)
  Joseph (D:10)
  2 gargoyles
  An unseen horror (D:11)
  17 cane toads
  A kobold demonologist (D:11)
  2 yaktaurs
  An efreet (D:10)
  6 komodo dragons
  2 tengu conjurers
  5 trolls
  4 polar bears
  3 meliai
  Grinder (D:5)
  7 hornets
  A bloated husk (Swamp:1)
  4 blink frogs (Lair:4)
  3 dream sheep (Lair:5)
  A queen bee (Lair:3)
  2 tyrant leeches (Swamp:1)
  14 slime creatures
  2 shadows
  Sigmund (D:4)
  35 yaks
  14 spriggans
  4 wyverns
  2 basilisks
  A wraith (D:9)
  3 hogs (D:12)
  16 humans (D:14)
  A redback (Lair:3)
  3 steam dragons
  5 vampire mosquitoes
  12 swamp worms
  3 wargs
  Menkaure (D:4)
  2 acid dragons
  10 water moccasins
  4 black bears (Lair:5)
  Duvessa (D:5)
  3 swamp drakes
  45 orc warriors
  A black bear (shapeshifter) (D:10)
  4 sky beasts
  An ice beast (D:7)
  7 ogres
  11 centaurs
  4 boggarts (Lair:5)
  47 wolves
  Blork the orc (D:5)
  2 kobold brigands
  15 bullfrogs
  4 gnoll sergeants
  2 necrophages
  A scorpion (D:6)
  13 wights
  Dowan (D:5)
  37 killer bees
  4 electric eels (D:7)
  2 howler monkeys (D:10)
  10 hounds
  4 gnoll boudas
  3 jellies (D:6)
  34 orc priests
  Ijyb (D:5)
  5 iguanas
  20 orc wizards
  11 hell rats
  18 gnolls
  9 adders
  8 river rats (Lair:1)
  A shadow imp (D:5)
  A white imp (D:6)
  4 dart slugs
  95 orcs
  4 ball pythons
  5 endoplasms (D:1)
  2 giant cockroaches
  6 goblins
  13 hobgoblins
  10 jackals
  30 kobolds
  4 quokkas
  6 bats
  2 frilled lizards (D:1)
  9 rats
  12 briar patches
860 creatures vanquished.

Vanquished Creatures (collateral kills)
  A hydra (D:10)
  An orc knight (Orc:2)
  An orc sorcerer (Orc:2)
  A meliai (D:13)
  2 slime creatures (D:10)
  2 yaks (D:10)
  A warg (Orc:2)
  A swamp worm (Swamp:1)
  5 orc warriors (Orc:2)
  An ogre (Orc:2)
  An orc priest (Orc:2)
  2 orc wizards (Orc:2)
  10 orcs (Orc:2)
29 creatures vanquished.

Vanquished Creatures (others)
  A goliath frog (Swamp:1)
  A bloated husk (Swamp:1)
  A human (D:12)
  4 briar patches (Swamp:1)
  4 demonic plants (Gauntlet)
  4 foxfires (Swamp:2)
  31 fungi
  37 plants
83 creatures vanquished.

Grand Total: 972 creatures vanquished

Notes
Turn   | Place    | Note
-------+----------+-------------------------------------------
     0 | D:1      | Lochraine the Minotaur Fighter began the quest for the Orb.
     0 | D:1      | Reached XP level 1. HP: 19/19 MP: 0/0
   158 | D:1      | Reached XP level 2. HP: 25/26 MP: 1/1
   463 | D:1      | Reached XP level 3. HP: 31/31 MP: 2/2
  1379 | D:2      | Reached skill level 5 in Axes
  1379 | D:2      | Reached XP level 4. HP: 36/39 MP: 3/3
  1975 | D:3      | Found a shimmering blue altar of Sif Muna.
  2246 | D:3      | Reached XP level 5. HP: 46/46 MP: 4/4
  2642 | D:3      | Identified the +1 plate armour of Deiny {rElec rC+ Dex+4}
  2997 | D:4      | Noticed Sigmund
  3013 | D:4      | Killed Sigmund
  3014 | D:4      | Reached skill level 5 in Armour
  3014 | D:4      | Reached XP level 6. HP: 51/53 MP: 5/5
  3246 | D:4      | Noticed Menkaure
  3252 | D:4      | Killed Menkaure
  3253 | D:4      | Reached skill level 5 in Fighting
  3466 | D:4      | Reached XP level 7. HP: 56/61 MP: 6/6
  3609 | D:5      | Entered Level 5 of the Dungeon
  3612 | D:5      | Noticed Ijyb
  3616 | D:5      | Paralysed by Ijyb for 5 turns
  3632 | D:5      | Killed Ijyb
  3641 | D:5      | Noticed Grinder
  3656 | D:5      | Paralysed by Grinder for 2 turns
  3664 | D:5      | Killed Grinder
  3719 | D:5      | Noticed a two-headed ogre
  3721 | D:5      | Noticed a hornet
  3726 | D:5      | Noticed a yak
  3856 | D:5      | Killed a yak
  3857 | D:5      | Reached XP level 8. HP: 44/71 MP: 7/7
  3972 | D:5      | You are sucked into a shaft and drop 3 floors!
  3989 | D:7      | Found a white marble altar of Elyvilon.
  3990 | D:7      | Found a burning altar of Makhleb.
  3992 | D:7      | Found a radiant altar of Vehumet.
  3999 | D:7      | Became a worshipper of Makhleb the Destroyer
  4041 | D:6      | Reached skill level 1 in Ranged Weapons
  4126 | D:6      | Reached skill level 1 in Invocations
  4246 | D:6      | Found a staircase to the Ecumenical Temple.
  4345 | D:6      | Found a sacrificial altar of Ru.
  4360 | D:6      | Noticed a slime creature
  4361 | D:6      | Found a transporter.
  4548 | D:5      | Noticed Dowan
  4548 | D:5      | Noticed Duvessa
  4560 | D:5      | Killed Duvessa
  4561 | D:5      | Killed Dowan
  4561 | D:5      | Reached * piety under Makhleb
  4577 | D:5      | Reached XP level 9. HP: 81/81 MP: 10/10
  4776 | D:5      | Noticed Blork the orc
  4779 | D:5      | Killed Blork the orc
  4780 | D:5      | Reached skill level 5 in Ranged Weapons
  4855 | D:6      | Noticed a two-headed ogre
  4855 | D:6      | Found an opulent altar of Gozag.
  4988 | D:6      | Found a transporter.
  5253 | D:6      | Found a glowing silver altar of Zin.
  5890 | D:7      | Reached ** piety under Makhleb
  6037 | D:7      | Reached XP level 10. HP: 91/91 MP: 12/12
  6583 | D:8      | Reached skill level 5 in Invocations
  6644 | D:8      | Reached skill level 10 in Axes
  6828 | D:8      | Noticed a purple ugly thing
  6840 | D:8      | Killed a purple ugly thing
  7222 | D:8      | Reached *** piety under Makhleb
  7438 | D:9      | Noticed a deep elf pyromancer
  7442 | D:9      | Killed a deep elf pyromancer
  7443 | D:9      | Reached skill level 10 in Armour
  7738 | D:9      | Reached skill level 10 in Fighting
  7874 | D:9      | Found a runed translucent door.
  7875 | D:9      | Noticed ILmort's ghost (novice MiBe)
  7882 | D:9      | Noticed a two-headed ogre
  7891 | D:9      | Killed a two-headed ogre
  7892 | D:9      | Reached XP level 11. HP: 93/100 MP: 14/14
  8106 | D:9      | Reached skill level 10 in Ranged Weapons
  8173 | D:9      | Found a staircase to the Orcish Mines.
  8299 | D:10     | Entered Level 10 of the Dungeon
  8378 | D:10     | Found a basalt altar of Yredelemnul.
  8451 | D:10     | Reached **** piety under Makhleb
  8523 | D:10     | Found a blossoming altar of Fedhas.
  8626 | D:10     | Noticed a centaur warrior
  8637 | D:10     | Killed a centaur warrior
  8649 | D:10     | Noticed a five-headed hydra
  8655 | D:10     | Noticed a brown ugly thing
  8760 | D:10     | Killed a three-headed hydra
  8760 | D:10     | Noticed a five-headed hydra
  8762 | D:10     | Noticed a two-headed ogre
  8765 | D:10     | Killed a three-headed hydra
  8788 | D:10     | Noticed a two-headed ogre
  8949 | D:10     | Killed a two-headed ogre
  8960 | D:10     | Killed a two-headed ogre
  8961 | D:10     | Reached XP level 12. HP: 65/110 MP: 16/16
  8968 | D:10     | Noticed Joseph
  8978 | D:10     | Killed Joseph
  9050 | D:10     | Noticed a tengu warrior
  9068 | D:10     | Killed a tengu warrior
  9123 | D:10     | Noticed a two-headed ogre
  9137 | D:10     | Killed a two-headed ogre
  9417 | D:10     | Found a hide-covered altar of Uskayaw.
  9613 | D:11     | Identified the +0 scimitar of Linearity {flame, *Rage
                  | Int+4}
  9732 | D:11     | Noticed a boulder beetle
  9760 | D:11     | Killed a boulder beetle
 10071 | D:11     | Noticed Erica
 10083 | D:11     | Killed Erica
 10159 | D:11     | Found a staircase to the Lair.
 10545 | Lair:1   | Entered Level 1 of the Lair of Beasts
 10818 | Lair:1   | Reached ***** piety under Makhleb
 11007 | Lair:1   | Noticed an eight-headed hydra
 11013 | Lair:1   | Killed a seven-headed hydra
 11540 | Lair:2   | Reached XP level 13. HP: 81/119 MP: 18/18
 11749 | Lair:2   | Found a blossoming altar of Fedhas.
 11841 | Lair:2   | Noticed Fannar
 11855 | Lair:2   | Killed Fannar
 12535 | Lair:3   | Found a staircase to the Swamp.
 12718 | Lair:3   | Found a hole to the Spider Nest.
 13220 | Lair:4   | Reached ****** piety under Makhleb
 13242 | Lair:4   | Found a broken altar of Ashenzari.
 13361 | Lair:4   | Reached skill level 10 in Invocations
 14149 | Lair:5   | Entered Level 5 of the Lair of Beasts
 14217 | Lair:5   | Reached skill level 15 in Ranged Weapons
 14313 | Lair:5   | Found a dark tunnel.
 14322 | Volcano  | Entered a volcano
 14427 | Volcano  | Reached XP level 14. HP: 130/130 MP: 20/20
 15602 | Lair:5   | Found a viscous altar of Jiyva.
 15602 | Lair:5   | Found a staircase to the Slime Pits.
 15623 | Lair:5   | Reached skill level 15 in Axes
 15888 | D:12     | Noticed Kirke
 15905 | D:12     | Killed Kirke
 15969 | D:12     | Found Wapnok's Assorted Antiques.
 15982 | D:12     | Bought a scroll of teleportation for 69 gold pieces
 16032 | D:12     | Noticed Snorg
 16041 | D:12     | Killed Snorg
 16732 | D:13     | Reached skill level 15 in Armour
 16832 | D:13     | Found a gate leading to a gauntlet.
 16838 | D:13     | Noticed Nessos
 16841 | Gauntlet | Entered a Gauntlet
 16841 | Gauntlet | Found a transporter.
 16841 | Gauntlet | Found a runed translucent door.
 16841 | Gauntlet | Found a transporter.
 16849 | Gauntlet | Found a runed translucent door.
 16850 | Gauntlet | Found a transporter.
 16853 | Gauntlet | Found a transporter.
 16853 | Gauntlet | Found a transporter.
 16876 | Gauntlet | Reached skill level 5 in Shields
 16889 | Gauntlet | Identified the +0 pair of boots of the Pits of Slime {rC+
                  | rN+}
 16921 | Gauntlet | Found a transporter.
 16950 | Gauntlet | Reached skill level 15 in Fighting
 16953 | Gauntlet | Found a transporter.
 16953 | Gauntlet | Found a transporter.
 16966 | Gauntlet | Found a transporter.
 16980 | Gauntlet | Found a transporter.
 17036 | Gauntlet | Found a transporter.
 17043 | Gauntlet | Identified the +2 cloak "Omeprohi" {rN+ Str+3 Stlth-}
 17047 | Gauntlet | Found a transporter.
 17119 | D:13     | Killed Nessos
 17544 | D:14     | Found a gate to the Vaults.
 17580 | D:14     | Reached XP level 15. HP: 141/141 MP: 22/22
 17797 | D:14     | Found Wirosch's Antique Weapon Shop.
 18399 | D:15     | Entered Level 15 of the Dungeon
 18561 | D:15     | Found a staircase to the Depths.
 18750 | D:15     | Found the amulet of the Air {Inacc Air Fly rElec RMsl}
 18941 | Orc:1    | Entered Level 1 of the Orcish Mines
 19086 | Orc:1    | Found Reymoluf's Antique Armour Shop.
 19413 | Orc:2    | Entered Level 2 of the Orcish Mines
 19413 | Orc:2    | Found Igeubrol's Antique Armour Shoppe.
 19933 | Orc:2    | Found a staircase to the Elven Halls.
 20598 | Orc:2    | Found Cioteb's Armour Emporium.
 20598 | Orc:2    | Found Buudd's Magic Scroll Emporium.
 20599 | Orc:2    | Found Reokat's Armour Shoppe.
 20599 | Orc:2    | Found Nuenatz's Magic Scroll Emporium.
 20609 | Orc:2    | Bought a scroll of enchant armour for 97 gold pieces
 20609 | Orc:2    | Bought a scroll of teleportation for 39 gold pieces
 20610 | Orc:2    | Bought a scroll of teleportation for 42 gold pieces
 20610 | Orc:2    | Bought a scroll of teleportation for 42 gold pieces
 20610 | Orc:2    | Bought 3 scrolls of teleportation for 126 gold pieces
 20843 | Swamp:1  | Entered Level 1 of the Swamp
 21093 | Swamp:1  | Reached XP level 16. HP: 150/151 MP: 24/24
 21168 | Swamp:1  | Found a transporter.
 21224 | Swamp:1  | Found a transporter.
 21245 | Swamp:1  | Paralysed by a Zot trap for 2 turns
 21249 | Swamp:1  | Identified the +0 pair of gloves of Proximity {rF+ MP-9
                  | Int+4 Dex+9}
 21254 | Swamp:1  | Gained mutation: Your body sometimes deteriorates upon
                  | taking damage. [mutagenic glow]
 21259 | Swamp:1  | Noticed a Hell Sentinel
 21262 | Swamp:1  | Gained mutation: Your magical capacity is low. (-10% MP)
                  | [mutagenic glow]
 21264 | Swamp:1  | Identified the amulet of Wetib {Faith rF+}
 21273 | Swamp:1  | Gained mutation: You are frail. (-10% HP) [mutagenic glow]
 21280 | Swamp:1  | Gained mutation: Your body often deteriorates upon taking
                  | damage. [mutagenic glow]
 21296 | Swamp:1  | Gained mutation: You occasionally lose the ability to read
                  | scrolls when taking damage. [mutagenic glow]
 21327 | Swamp:1  | Gained mutation: You occasionally lose the ability to drink
                  | potions when taking damage. [mutagenic glow]
 22700 | Swamp:3  | Noticed a thorn hunter
 22716 | Swamp:3  | Killed a thorn hunter
 22943 | Swamp:3  | Found an ornate altar of the Wu Jian Council.
 22966 | Swamp:3  | Noticed a thorn hunter
 23094 | Swamp:3  | Killed from afar by an eleionoma

Illustrated notes

Levels and vault maps discovered:
D:1:      zelgadis_glass_arrival_small, layout_basic
D:2:      layout_loops_cross, minmay_pentomino_z2
D:3:      layout_basic, led_sif_pool, serial_curves, eino_curves_04,
          eino_curves_01
D:4:      layout_loops_cross, fountainhead, uniq_sigmund, uniq_menkaure
D:5:      layout_basic, minmay_manual_monstrance, uniq_duvessa, uniq_ijyb,
          uniq_blork_the_orc, uniq_grinder
D:6:      layout_loops_ring, gammafunk_temple_overflow_arena,
          kennysheep_little_box, general_overflow_altar,
          lemuel_temple_firewalk_b, kennysheep_opposing_triangles
D:7:      kennysheep_housing_project, layout_gridville,
          chequers_temple_overflow_statue_of_worship, serial_bayou_lake_a
D:8:      layout_gridville, kennysheep_just_a_vault
D:9:      layout_roguey, erik_orc_1, ebering_ghost_reflecting_pool,
          guppyfry_early_elven_hall
D:10:     minmay_the_grid_square_5x5_4x4
          [minmay_the_grid_square_5x5_doubleslash,
          minmay_the_grid_square_5x5_misaligned,
          minmay_the_grid_square_5x5_beaten_path,
          minmay_the_grid_square_5x5_moneybag,
          minmay_the_grid_square_5x5_hourglass,
          minmay_the_grid_square_5x5_prize_rear_guard,
          minmay_the_grid_square_5x5_prize_junk,
          minmay_the_grid_square_5x5_three_walls,
          minmay_the_grid_square_5x5_tie,
          minmay_the_grid_square_5x5_prize_pseudospiral,
          minmay_the_grid_square_5x5_prize_itemx,
          minmay_the_grid_square_5x5_fancy_junction,
          minmay_the_grid_square_5x5_longway,
          minmay_the_grid_square_5x5_pentomino_r,
          minmay_the_grid_square_5x5_minibox,
          minmay_the_grid_square_5x5_checkered_sparse], layout_irregular_city,
          old_standard_altar, nicolae_uskayaw_suspiria,
          overflow_temple_1_default, uniq_joseph
D:11:     layout_roguey [special_room_orc], lair_entry_dummy, uniq_erica
D:12:     layout_basic, serial_shops, nicolae_shop_waterfront, uniq_kirke,
          uniq_snorg
D:13:     layout_cave_pools, gauntlet_entry_generic, uniq_nessos
D:14:     layout_roguey, david_vaults_3, serial_shops,
          nicolae_shop_hallway_stairs
D:15:     grunt_enter_depths_hoard, layout_loops_cross
Lair:1:   layout_regular_city, kennysheep_abandoned_house
Lair:2:   layout_regular_city, tgw_fedhas, uniq_fannar
Lair:3:   beast_lair_carwin_large_3, layout_cave_shapes, swamp_mist_pool,
          spider_nest_entry_a, special_room [special_room_bee]
Lair:4:   layout_loops_ring, lemuel_oklob_altar
Lair:5:   minmay_lair_end_enchanted_forest, layout_loops_ring,
          minmay_slime_entry_oklob_enclosed, enter_volcano_2
Swamp:1:  gammafunk_worm_tunnel, layout_basic_swamp,
          evilmike_swamp_ruin_house_6, swamp_pool5, nicolae_swamp_little_swirl
Swamp:2:  layout_basic_swamp, evilmike_swamp_ruin_house_2
Swamp:3:  layout_basic_swamp, hangedman_swamp_ruin_wall, swamp_pool3,
          lemuel_altar_in_water
Orc:1:    layout_caves, serial_shops, shop, mines1_david
Orc:2:    st_orc_pillars, layout_diamond_mine, serial_shops,
          nicolae_shop_overgrown_old_shop, guppyfry_library_mini

Skill      XL: |  1  2  3  4  5  6  7  8  9 10 11 12 13 14 15 16 |
---------------+-------------------------------------------------+-----
Axes           | 3 4 5 6 7 8 9 10 12 13 14 15 16 | 16.8
Armour         | 4 5 6 7 8 9 10 11 12 14 15 16 | 16.6
Fighting       | 4 5 6 7 9 10 11 12 13 15 16 | 16.5
Ranged Weapons | 4 7 9 12 13 15 | 15.6
Invocations    | 2 4 6 7 9 10 11 12 | 12.9
Shields        | 5 8 9 |  9.1
Evocations     | |  0.5

Action                   |  1- 3 |  4- 6 |  7- 9 | 10-12 | 13-15 | 16-18 || total
-------------------------+-------+-------+-------+-------+-------+-------++-------
Melee: War axe           |    70 |   107 |   247 |   449 |  1164 |   128 ||  2165
       Headbutt          |     8 |    11 |    32 |   106 |   278 |    32 ||   467
 Fire: Sling             |    21 |       |     1 |       |       |       ||    22
Invok: Minor Destruction |       |       |       |    25 |    37 |     1 ||    63
       Lesser Servant of |       |       |       |     5 |     8 |     2 ||    15
       Major Destruction |       |       |       |     4 |    12 |       ||    16
       Greater Servant o |       |       |       |       |     2 |     1 ||     3
Evoke: Wand              |       |       |       |       |     1 |       ||     1
  Use: Potion            |       |     5 |     1 |     1 |       |       ||     7
       Scroll            |       |     5 |     9 |    12 |     5 |     2 ||    33
 Stab: Distracted        |       |     1 |       |       |     2 |       ||     3
Armor: Scale mail        |    25 |    18 |       |       |       |       ||    43
       Plate armour      |       |    41 |   147 |   253 |   747 |    65 ||  1253
Dodge: Dodged            |    31 |    35 |    72 |   113 |   310 |    33 ||   594
       Repelled          |       |       |       |     3 |       |       ||     3
Block: Buckler           |    22 |    25 |    60 |    82 |   132 |       ||   321
       Kite shield       |       |       |       |       |   285 |    62 ||   347
